 Dungeon Crawl Stone Soup version 0.28.0-53-g5a82cb258f (webtiles) character file.

Game seed: 16621349721456271152

7 H0rd4k the Charlatan (level 2, -1/21 HPs)
             Began as a Human Artificer on July 22, 2022.
             Slain by a goblin
             ... wielding a +0 club
              (4 damage)
             ... on level 1 of the Dungeon.
             The game lasted 00:00:20 (176 turns).

H0rd4k the Charlatan (Human Artificer)               Turns: 176, Time: 00:00:21

Health: -1/21      AC:  3    Str: 12    XL:     2   Next: 10%
Magic:  2/2        EV: 11    Int: 11    God:
Gold:   17         SH:  0    Dex: 13    Spells: 1/1 levels left

rFire   . . .      SeeInvis .   h - +1 dagger (venom)
rCold   . . .      Faith    .   (no shield)
rNeg    . . .      Spirit   .   b - +0 leather armour
rPois   .          Reflect  .   (no helmet)
rElec   .          Harm     .   (no cloak)
rCorr   .          Rampage  .   (no gloves)
Will    .....                   (no boots)
Stlth   +.........              (no amulet)
HPRegen 0.07/turn               (no ring)
MPRegen 0.08/turn               (no ring)

@: no status effects
A: no striking features
a: no special abilities


You were on level 1 of the Dungeon.
You visited 1 branch of the dungeon, and saw 1 of its levels.

You collected 17 gold pieces.

Inventory:

Hand Weapons
 h - a +1 dagger of venom (weapon)
Armour
 b - a +0 leather armour (worn)
Wands
 c - a wand of flame (15) (quivered)
 d - a wand of charming (15)
Scrolls
 a - a scroll of identify {unknown}
 g - a scroll of enchant armour {unknown}
Potions
 f - a potion of brilliance {unknown}
 i - a potion of might {unknown}
Miscellaneous
 e - a piece from Xom's chessboard (15/15)


   Skills:
 + Level 1.0 Fighting
 + Level 0.2 Maces & Flails
 - Level 2.0 Armour
 + Level 1.1 Dodging
 - Level 1.0 Stealth
 + Level 3.4 Evocations


You had one spell level left.
You didn't know any spells.
Your spell library was empty.

Dungeon Overview and Level Annotations

Branches:
Dungeon (1/15)

Altars:


Message History

There are monsters nearby!
You completely miss the goblin. The goblin hits you but does no damage.
The kobold hits you with a +0 club.
* * * LOW HITPOINT WARNING * * *
There are monsters nearby!
You are too injured to fight recklessly!
There are monsters nearby!
You are too injured to fight recklessly!
You are too injured to fight recklessly!
The kobold throws a stone.
The stone hits you but does no damage. The ball python barely misses you.
The ball python grabs you. The ball python constricts you.
You escape the ball python's grasp.
The kobold closely misses you.
You hit the kobold.
The kobold is heavily wounded.
The kobold misses you.
You closely miss the kobold.
The kobold is heavily wounded.
The kobold hits you with a +0 club.
* * * LOW HITPOINT WARNING * * *
You closely miss the kobold.
The kobold is heavily wounded.
The kobold barely misses you.
You hit the kobold.
You kill the kobold!
The ball python bites you but does no damage.
The ball python misses you.
You have reached level 2!
You hit the ball python.
You kill the ball python!
You closely miss the goblin. The goblin closely misses you.
You closely miss the goblin. The goblin hits you but does no damage.
You hit the goblin.
The goblin is poisoned.
The goblin is moderately wounded.
The goblin hits you with a +0 club.
* * * LOW HITPOINT WARNING * * *
You miss the goblin.
The goblin is moderately wounded.
The goblin hits you with a +0 club.
You die...

#.............##.............##.#
#.............##.............##.#
#.............##.................
.................................
.................#.#########.....
.................#.##### #.....
......$................# ####.#
......)........####....# ##.....
...............g@......####......
##.............###.....##........
#....$...###### #.....##........
#....†)..# ######.....##.....###
#............................#
#.........#######........#.#†#
#..........######.######...#.###
#.........##≈≈≈≈#'#÷≈≈≈###......
..########.#≈≈≈≈≈#.#≈≈≈≈≈#.......


You could see a goblin (very poisoned).

Vanquished Creatures
  A quokka (D:1)
  2 ball pythons (D:1)
  A goblin (D:1)
  3 kobolds (D:1)
  2 rats (D:1)
9 creatures vanquished.

Notes
Turn   | Place    | Note
-------+----------+-------------------------------------------
     0 | D:1      | H0rd4k the Human Artificer began the quest for the Orb.
     0 | D:1      | Reached XP level 1. HP: 15/15 MP: 1/1
   172 | D:1      | Reached XP level 2. HP: 5/21 MP: 2/2
   176 | D:1      | Slain by a goblin

Illustrated notes

Levels and vault maps discovered:
D:1:      saegor_arrival_miasma, layout_basic,
          dreamdust_ecumenical_altar_angels_and_demons

Action                   || total
-------------------------++-------
Melee: Dagger            ||    22
       Club              ||     4
Armor: Leather armour    ||    11
Dodge: Dodged            ||    22
